 Dungeon Crawl Stone Soup version 0.21-a0-314-gb3271ec (webtiles) character file.

2 namelastname112 the Magician (level 1, 0/7 HPs)
             Began as a Felid Wanderer on Sept 29, 2017.
             Slain by a hobgoblin (4 damage)
             ... on level 1 of the Dungeon.
             The game lasted 00:00:14 (14 turns).

namelastname112 the Magician (Felid Wanderer)         Turns: 14, Time: 00:00:15

Health: 0/7        AC:  1    Str:  9    XL:     1   Next: 25%
Magic:  6/6        EV: 15    Int: 13    God:
Gold:   0          SH:  0    Dex: 14    Spells: 8/8 levels left
                                        Lives:  0   Deaths: 0

rFire    . . .     SeeInvis +   (weapon unavailable)
rCold    . . .     Gourm    .   (shield unavailable)
rNeg     . . .     Faith    .   (armour unavailable)
rPois    .         Spirit   .   (helmet unavailable)
rElec    .         Reflect  .   (cloak unavailable)
rCorr    .         Harm     .   (gloves unavailable)
MR       .....                  (boots unavailable)
Stlth    +++.......             (no amulet)
HPRegen  0.02/turn              (no ring)
MPRegen  0.10/turn              (no ring)

@: quick
A: no armour, no weapons or thrown items, stealth, claws 1, fangs 3, see
invisible, carnivore 3, speed 1, shaggy fur 1, slow metabolism 1, sharp paws
a: no special abilities


You were on level 1 of the Dungeon.
You were not hungry.

You visited 1 branch of the dungeon, and saw 1 of its levels.

Inventory:

Potions
 a - a potion of haste
Books
 b - Gufek's Incunabulum of Contamination

   Spells                             Type                      Level
   a - Sting                          Conjuration/Poison           1
   b - Ignite Poison                  Fire/Transmutation/Poison    3
 c - the Handbook of the Hells

   Spells                             Type                      Level
   a - Sting                          Conjuration/Poison           1
   b - Conjure Flame                  Conjuration/Fire             3
Comestibles
 d - a meat ration


   Skills:
 + Level 0.2 Fighting
 + Level 0.0 Dodging
 + Level 2.8 Stealth
 * Level 0.2 Unarmed Combat
 - Level 4.0 Spellcasting
   Level 1.7 Conjurations
   Level 2.4 Charms


You had 8 spell levels left.
You didn't know any spells.

Dungeon Overview and Level Annotations

Branches:
Dungeon (1/15)

Altars:


Innate Abilities, Weirdness & Mutations

You cannot wear armour.
You are incapable of wielding weapons or throwing items.
Your paws allow you to move quietly. (Stealth)
You have sharp claws.
You have razor-sharp teeth.
You have supernaturally acute eyesight. (SInv)
You are carnivorous and can eat meat at any time.
You cover ground quickly.
You are covered in fur. (AC +1)
You have a slow metabolism.
Your sharp claws are effective at attacking unaware monsters.


Message History

You take 2 damage, and have 4/7 hp.
MASSIVE DAMAGE!!
You scratch the kobold but do no damage.
You bite the kobold.
The kobold is heavily wounded.
The kobold closely misses you.
You closely miss the kobold.
The kobold is heavily wounded.
The kobold closely misses you.
You closely miss the kobold.
The hobgoblin shouts!
Your bite misses the kobold.
The kobold is heavily wounded.
The kobold hits you but does no damage.
You scratch the kobold. You bite the kobold.
You kill the kobold!
You scratch the hobgoblin.
The hobgoblin is severely wounded.
The hobgoblin hits you.
Ouch! That really hurt!
You die...

#.<..# #....#
###.#####..
#.......g
#..####..
#†.# ##..###
# #.....##..#
#....@g...#
#.....))..#
#.........#
....)...##..#
........# ..#
.####.#### .#
#. # #.


You could see a hobgoblin.

Vanquished Creatures
  A kobold (D:1)
  A rat (D:1)
2 creatures vanquished.

Notes
Turn   | Place    | Note
-------+----------+-------------------------------------------
     0 | D:1      | namelastname112 the Felid Wanderer began the quest for the Orb.
     0 | D:1      | namelastname112 set off with: a potion of haste, Gufek's Incunabulum of Contamination, the Handbook of the Hells, a meat ration
     0 | D:1      | Reached XP level 1. HP: 7/7 MP: 6/6
     0 | D:1      | Identified Gufek's Incunabulum of Contamination
     0 | D:1      | Identified the Handbook of the Hells
    14 | D:1      | Slain by a hobgoblin

Vault maps used:
D:1:      dpeg_arrival_boxes_within_box

Action                   || total
-------------------------++-------
Melee: Unarmed           ||     7
       Bite              ||     2
Armor: Skin              ||     1
Dodge: Dodged            ||     2

Table legend:
 A = Spawn XP
 B = Non-spawn XP
 C = Spawn XP percentage of total XP
 D = Spawn monster count
 E = Non-spawn monster count
 F = Spawn count percentage of total count
 G = Total turns spent on level
                    A         B        C        D         E        F      G
               +---------+---------+-------+---------+---------+-------+---------
         Total |       0 |       3 |   0.0 |       0 |       2 |   0.0 |    14
               +---------+---------+-------+---------+---------+-------+---------
           D:1 |       0 |       3 |   0.0 |       0 |       2 |   0.0 |    14
               +---------+---------+-------+---------+---------+-------+---------
